 Dungeon Crawl Stone Soup version 0.26.0-18-gc5c842f807 (webtiles) character file.

Game seed: 7421628000696375945

861 kaeus the Skirmisher (level 7, -8/56 HPs)
             Began as a Demonspawn Fighter on Jan 22, 2021.
             Was a Follower of Makhleb.
             Killed from afar by an orc wizard (10 damage)
             ... with a puff of flame
             ... on level 5 of the Dungeon.
             The game lasted 00:04:44 (4191 turns).

kaeus the Skirmisher (Demonspawn Fighter)           Turns: 4191, Time: 00:04:45

Health: -8/56      AC:  9    Str: 18    XL:     7   Next: 71%
Magic:  7/7        EV:  7    Int:  9    God:    Makhleb [*.....]
Gold:   193        SH:  9    Dex: 13    Spells: 6/6 levels left

rFire    . . .     SeeInvis .   a - +0 war axe
rCold    + . .     Faith    .   c - +0 kite shield
rNeg     . . .     Spirit   .   b - +0 scale mail
rPois    .         Reflect  .   (helmet restricted)
rElec    .         Harm     .   (no cloak)
rCorr    .         Rampage  .   (no gloves)
Will     .....                  (no boots)
Stlth    ..........             (no amulet)
HPRegen  0.18/turn              (no ring)
MPRegen  0.10/turn              (no ring)

@: no status effects
A: antennae 1, iridescent scales 1, cold resistance 1, powered by death 1
a: Renounce Religion


You were on level 5 of the Dungeon.
You worshipped Makhleb.
Makhleb was aware of your devotion.
You visited 1 branch of the dungeon, and saw 5 of its levels.

You collected 193 gold pieces.

Inventory:

Hand Weapons
 a - a +0 war axe (weapon)
Armour
 b - a +0 scale mail (worn)
 c - a +0 kite shield (worn)
Scrolls
 e - a scroll of teleportation {unknown}
 f - 2 scrolls of fog {unknown}
 g - a scroll of random uselessness {unknown}
 i - 9 scrolls of identify
 n - 3 scrolls of remove curse
 p - 2 scrolls of magic mapping {unknown}
 q - a scroll of fear {unknown}
Potions
 d - 2 potions of might
 h - a potion of resistance {unknown}
 k - a potion of cancellation {unknown}
 l - a potion of magic {unknown}
 m - 2 potions of flight {unknown}
 o - a potion of degeneration {unknown}
 r - 2 potions of curing {unknown}
 s - a potion of lignification {unknown}
 t - a potion of mutation {unknown}
 u - 4 potions of attraction {unknown}


   Skills:
 + Level 5.2 Fighting
 + Level 4.3 Axes
 + Level 4.8 Armour
 + Level 4.7 Shields


You had 6 spell levels left.
You didn't know any spells.
Your spell library was empty.

Dungeon Overview and Level Annotations

Branches:
Dungeon (5/15)             Temple (0/1) D:4

Altars:
Hepliaklqana
Makhleb

Shops:
D:4 [

Annotations:
D:3 1 runed translucent door


Innate Abilities, Weirdness & Mutations

You have a pair of small antennae on your head.
You are partially covered in iridescent scales. (AC +2)
Your flesh is cold resistant. (rC+)
You regenerate a little health from kills.


Message History

You slash the phantom!
You destroy the phantom!
Makhleb accepts your kill.
You barely miss something.
Something hits you but does no damage. x2
You closely miss something. You block something's attack.
You closely miss something.
Something hits you but does no damage. x2
You closely miss something. Something hits you but does no damage.
You barely miss something. You block something's attack.
You closely miss something. Something hits you.
* * * LOW HITPOINT WARNING * * *
Something hits you but does no damage.
You take 2 damage, and have 2/56 hp.
You miss something. Something hits you.
* * * LOW HITPOINT WARNING * * *
You barely miss something. Something hits you but does no damage.
You closely miss something.
An orc wizard appears from thin air!
Reactivating autopickup.
The orc wizard points at you and mumbles some strange words.
The puff of flame hits you!
You die...

#... .... ###### #... >....
#....###... ..... +....'.'...
.....#+#### #....###...
#........#####'####...#
#........#.....##[.....
#.....)o.#.....###.....
#....[@..#.....###.....
+..###......)...............
#...............#.#.#...(##[
#...............#.#.#....##.
#........####.....#.#....#..
#..............####.#....#..
##+###..............# #.#....#..
....................# #.#....#..
..............####..####.#......#


You could see an orc wizard.

Vanquished Creatures
  The ghost of Beowulf533 the Sneak, an amateur HuBr (D:3)
  An ice beast (D:5)
  A phantom (D:5)
  A centaur (D:5)
  A scorpion (D:4)
  4 orc priests
  A hound (D:2)
  A jelly (D:5)
  3 orc wizards
  A worker ant (D:4)
  A hound zombie (D:5)
  An adder (D:2)
  A river rat (D:3)
  A white imp (D:5)
  An ufetubus (D:5)
  2 oozes (D:2)
  An adder skeleton (D:4)
  2 worms
  5 dart slugs
  3 leopard geckos
  7 orcs
  7 bats
  4 giant cockroaches
  3 goblins (D:1)
  3 hobgoblins
  4 jackals (D:3)
  5 kobolds
  3 quokkas
  3 ball pythons
  A ball python skeleton (D:4)
  5 frilled lizards
  A leopard gecko zombie (D:5)
  6 rats
85 creatures vanquished.

Notes
Turn   | Place    | Note
-------+----------+-------------------------------------------
     0 | D:1      | kaeus the Demonspawn Fighter began the quest for the Orb.
     0 | D:1      | Reached XP level 1. HP: 18/18 MP: 1/1
   190 | D:1      | Gained mutation: You are partially covered in iridescent
                  | scales. (AC +2) [demonic ancestry]
   190 | D:1      | Reached XP level 2. HP: 24/24 MP: 2/2
   723 | D:2      | Reached XP level 3. HP: 29/29 MP: 3/3
  1202 | D:2      | Found a burning altar of Makhleb.
  1209 | D:2      | Gained mutation: You regenerate a little health from kills.
                  | [demonic ancestry]
  1209 | D:2      | Reached XP level 4. HP: 28/35 MP: 4/4
  1495 | D:2      | Found a hazy altar of Hepliaklqana.
  1615 | D:2      | Became a worshipper of Makhleb the Destroyer
  1872 | D:3      | Found a runed translucent door.
  1877 | D:3      | Noticed Beowulf533's ghost (amateur HuBr)
  2030 | D:3      | Killed Beowulf533's ghost
  2031 | D:3      | Reached skill level 4 in Fighting
  2031 | D:3      | Reached XP level 5. HP: 29/42 MP: 5/5
  2039 | D:3      | Found a runed translucent door.
  2469 | D:4      | Gained mutation: Your flesh is cold resistant. (rC+)
                  | [demonic ancestry]
  2469 | D:4      | Reached XP level 6. HP: 31/48 MP: 6/6
  3369 | D:4      | Found a staircase to the Ecumenical Temple.
  3420 | D:4      | Found Wiasouqa's Armour Shoppe.
  3542 | D:5      | Entered Level 5 of the Dungeon
  3563 | D:5      | Reached * piety under Makhleb
  3608 | D:5      | Gained mutation: You have a pair of small antennae on your
                  | head. [demonic ancestry]
  3608 | D:5      | Reached XP level 7. HP: 52/55 MP: 7/7
  3952 | D:5      | Reached skill level 5 in Fighting
  4188 | D:5      | HP: 2/56 [something (2)]
  4191 | D:5      | Killed from afar by an orc wizard

Illustrated notes

Levels and vault maps discovered:
D:1:      scummos_arrival_star, layout_basic
D:2:      layout_basic, nzn_hepliaklqana_mist_gate, makhleb_heckhound_becter
D:3:      layout_basic, ebering_ghost_sewer_f, minmay_misc_feat_tower,
          kennysheep_generic_room_6
D:4:      layout_cave_pools, minmay_temple_entry_junction, serial_shops,
          kennysheep_mini_moat
D:5:      layout_basic, dk_noncrumbling_4

Skill      XL: |  1  2  3  4  5  6  7 |
---------------+----------------------+-----
Axes           | 2 3 4 |  4.3
Armour         | 3 4 |  4.8
Shields        | 3 4 |  4.7
Fighting       | 4 5 |  5.2

Action                   |  1- 3 |  4- 6 |  7- 9 || total
-------------------------+-------+-------+-------++-------
Melee: War axe           |   119 |   156 |    74 ||   349
  Use: Scroll            |       |     2 |       ||     2
       Potion            |       |     2 |     1 ||     3
Armor: Scale mail        |    82 |    94 |    55 ||   231
Dodge: Dodged            |    27 |    57 |    25 ||   109
Block: Kite shield       |    57 |   104 |    35 ||   196
